 Dungeon Crawl Stone Soup version 0.19-a0-831-gce7da8b (webtiles) character file.

70 4thArraOfDagon the Skirmisher (level 4, 0/40 HPs)
             Began as a Minotaur Abyssal Knight on June 30, 2016.
             Was a Follower of Lugonu.
             Slain by a bat skeleton (1 damage)
             ... on level 2 of the Dungeon.
             The game lasted 00:02:48 (449 turns).

4thArraOfDagon the Skirmisher (MiAK)                 Turns: 449, Time: 00:02:48

Health: 0/40       AC:  5    Str: 16    XL:     4   Next: 3%
Magic:  4/4        EV: 10    Int: 15    God:    Lugonu [*.....]
Gold:   11         SH:  0    Dex: 10    Spells: 0 memorised, 3 levels left

rFire  . . .     SeeInvis .     a - +1 hand axe
rCold  . . .     Gourm    .     d - +0 ring mail
rNeg   . . .     Faith    .     (no shield)
rPois  .         Spirit   .     (helmet restricted)
rElec  .         Dismiss  .     (no cloak)
rCorr  .         Reflect  .     (no gloves)
SustAt .         Harm     .     (no boots)
MR     .....     Rnd*Tele +     (no amulet)
Stlth  ..........               (no ring)
                                (no ring)

@: brilliant, not resistant to hostile enchantments, extremely unstealthy
A: retaliatory headbutt, horns 2, teleportitis 2
a: Depart the Abyss, Renounce Religion


You were on level 2 of the Dungeon.
You worshipped Lugonu.
Lugonu was aware of your devotion.
You were not hungry.

You visited 1 branch of the dungeon, and saw 2 of its levels.
You visited the Abyss 1 time.

You collected 11 gold pieces.

Inventory:

Hand Weapons
 a - a +1 hand axe (weapon)
Armour
 d - a +0 ring mail (worn)
Scrolls
 e - a scroll of remove curse
Comestibles
 c - 2 bread rations


   Skills:
 + Level 4.1 Fighting
 * Level 3.8 Axes
 + Level 3.2 Armour
 - Level 1.1 Dodging
 + Level 2.3 Invocations


You had 3 spell levels left.
You didn't know any spells.

Dungeon Overview and Level Annotations

Branches:
Dungeon (2/15)

Altars:
Kikubaaqudgha


Innate Abilities, Weirdness & Mutations

You reflexively headbutt those who attack you in melee.
You have a pair of horns on your head.
[You are sometimes teleported next to monsters.]


Message History

You furiously retaliate!
You headbutt the vampire bat.
The bat skeleton hits you but does no damage.
Unknown command.
You hit the vampire bat.
The vampire bat is moderately damaged.
You closely miss the vampire bat.
You hit the bat skeleton but do no damage.
The vampire bat bites you.
* * * LOW HITPOINT WARNING * * *
The vampire bat draws strength from your injuries!
The vampire bat bites you.
* * * LOW HITPOINT WARNING * * *
The vampire bat draws strength from your injuries!
The bat skeleton hits you but does no damage.
The bat skeleton closely misses you. You furiously retaliate!
You headbutt the bat skeleton. The vampire bat bites you.
* * * LOW HITPOINT WARNING * * *
The vampire bat draws strength from your injuries!
The bat skeleton hits you.
You die...

## ## #
.# #. #
#. .# #.
.# #. .#
#. .# #.
b#. .#
#.#Z#.#
#.@.#
#.⌠b⌠.#
#..._...#
##.⌠.⌠.##
#######


You could see 2 vampire bats and a bat skeleton.

Vanquished Creatures
  Natasha (D:2)
  Robin (D:2)
  An adder (D:2)
  A giant gecko (D:2)
  A bat skeleton (D:2)
  8 goblins (D:2)
  2 hobgoblins
  3 kobolds (D:2)
  3 bats (D:2)
  A giant newt (D:2)
  4 rats (D:2)
26 creatures vanquished.

Notes
Turn   | Place    | Note
--------------------------------------------------------------
     0 | Abyss:1  | 4thArraOfDagon the Minotaur Abyssal Knight began the quest for the Orb.
     0 | Abyss:1  | Reached XP level 1. HP: 19/19 MP: 1/1
    78 | Abyss:1  | Noticed a large abomination
    95 | Abyss:1  | Found a sacrificial altar of Ru.
    97 | Abyss:1  | Noticed an orange demon
    97 | Abyss:1  | Noticed an orange demon
   129 | Abyss:1  | Noticed an orange demon
   131 | Abyss:1  | Noticed a hungry ghost
   136 | Abyss:1  | Noticed a large abomination
   143 | Abyss:1  | Noticed a wretched star
   144 | D:1      | Escaped the Abyss
   266 | D:2      | Reached * piety under Lugonu
   266 | D:2      | Reached XP level 2. HP: 24/27 MP: 2/2
   284 | D:2      | Noticed Robin
   300 | D:2      | Killed Robin
   306 | D:2      | Reached XP level 3. HP: 26/33 MP: 3/3
   371 | D:2      | Noticed Natasha
   393 | D:2      | Killed Natasha
   393 | D:2      | Reached skill level 4 in Fighting
   430 | D:2      | Reached XP level 4. HP: 11/40 MP: 4/4
   445 | D:2      | Found an ancient bone altar of Kikubaaqudgha.
   449 | D:2      | HP: 2/40 [vampire bat (1)]
   449 | D:2      | Slain by a bat skeleton

Vault maps used:
D:1:      minmay_arrival_diagonal_passages, kennysheep_another_room
D:2:      kennysheep_vampire_church, uniq_natasha, uniq_terence, uniq_robin

Skill      XL: |  1  2  3 |
---------------+----------+-----
Axes           | 3 |  3.8
Invocations    | 2 |  2.3
Armour         | 3 |  3.2
Fighting       | 4 |  4.1
Dodging        | |  1.1

Action                   |  1- 3 |  4- 6 || total
-------------------------+-------+-------++-------
Melee: Hand axe          |    55 |     7 ||    62
       Headbutt          |     4 |     1 ||     5
Invok: Depart the Abyss  |     1 |       ||     1
  Use: Scroll            |     2 |       ||     2
       Potion            |     1 |       ||     1
Armor: Ring mail         |    31 |    14 ||    45
Dodge: Dodged            |    28 |    19 ||    47
